 Dungeon Crawl Stone Soup version 0.27-a0-40-g5f2be0e231 (webtiles) character file.

Game seed: 538178917357708935

53 vurker the Sneak (level 3, 0/26 HPs)
             Began as a Gnoll Enchanter on Jan 5, 2021.
             Slain by Crazy Yiuf
             ... wielding a +2 quarterstaff of chaos
              (9 damage)
             ... on level 2 of the Dungeon.
             The game lasted 00:02:05 (2315 turns).

vurker the Sneak (Gnoll Enchanter)                  Turns: 2315, Time: 00:02:05

Health: 0/26       AC: 10    Str: 10    XL:     3   Next: 87%
Magic:  9/9        EV:  7    Int: 18    God:
Gold:   101        SH:  7    Dex: 15    Spells: 11/12 levels left

rFire    . . .     SeeInvis .   a - +1 dagger
rCold    . . .     Faith    .   d - +0 kite shield (curse)
rNeg     . . .     Spirit   .   f - +0 scale mail
rPois    .         Reflect  .   (no helmet)
rElec    .         Harm     .   (no cloak)
rCorr    .         Rampage  .   k - +2 pair of gloves
Will     +....                  b - +0 pair of boots
Stlth    ++........             (no amulet)
HPRegen  0.08/turn              j - ring of willpower
MPRegen  0.11/turn              (no ring)

@: no status effects
A: distributed training, fangs 1, strong nose
a: no special abilities


You were on level 2 of the Dungeon.
You visited 1 branch of the dungeon, and saw 2 of its levels.

You collected 101 gold pieces.

Inventory:

Hand Weapons
 a - a +1 dagger (weapon)
Armour
 b - a +0 pair of boots (worn)
   (You found it on level 1 of the Dungeon)
 d - a cursed +0 kite shield (worn)
   (You found it on level 1 of the Dungeon)
 f - a +0 scale mail (worn)
   (You found it on level 1 of the Dungeon)
 k - a +2 pair of gloves (worn)
   (You found it on level 2 of the Dungeon)
Jewellery
 j - a ring of willpower (left hand)
   (You found it on level 2 of the Dungeon)
Scrolls
 g - 5 scrolls of identify {unknown}
 h - a scroll of magic mapping {unknown}
 i - a scroll of teleportation {unknown}
Potions
 c - a potion of might {unknown}
 e - a potion of curing {unknown}


   Skills:
 + Level 1.0 Fighting
 + Level 2.6 Short Blades
 + Level 1.0 Long Blades
 + Level 1.0 Axes
 + Level 1.0 Maces & Flails
 + Level 1.0 Polearms
 + Level 1.0 Staves
 + Level 1.0 Slings
 + Level 1.0 Bows
 + Level 1.0 Crossbows
 + Level 1.0 Throwing
 + Level 1.0 Armour
 + Level 4.6 Dodging
 + Level 6.0 Stealth
 + Level 1.0 Shields
 + Level 1.0 Unarmed Combat
 + Level 5.0 Spellcasting
 + Level 0.7 Conjurations
 + Level 5.4 Hexes
 + Level 0.7 Summonings
 + Level 0.7 Necromancy
 + Level 0.7 Translocations
 + Level 0.7 Transmutations
 + Level 0.7 Fire Magic
 + Level 0.7 Ice Magic
 + Level 0.7 Air Magic
 + Level 0.7 Earth Magic
 + Level 0.7 Poison Magic
 + Level 1.0 Invocations
 + Level 1.0 Evocations


You had 11 spell levels left.
You knew the following spells:

 Your Spells              Type           Power        Failure   Level
a - Corona                Hex            26%          52%         1

Your spell library contained the following spells:

 Spells                   Type           Power        Failure   Level
 Confusing Touch          Hex            24%          88%         3
 Tukima's Dance           Hex            24%          88%         3
 Ensorcelled Hibernation  Hex/Ice        30%          94%         2
 Dazzling Flash           Conj/Hex       30%          99%         3


Dungeon Overview and Level Annotations

Branches:
Dungeon (2/15)

Altars:

Annotations:
D:2 Crazy Yiuf


Innate Abilities, Weirdness & Mutations

Your experience applies equally to all skills.
You have very sharp teeth.
Your uncanny sense of smell can sniff out nearby items.


Message History

The rat bites you.
You hit the rat.
You kill the rat!
No target in view!
No target in view!
No target in view!
No target in view!
No target in view!
No target in view!
No target in view!
No target in view!
No target in view!
No target in view!
No target in view!
No target in view!
Found 10 gold pieces.
Found 4 boomerangs and a scroll labelled XANTAPT ZAFUTH.
You now have 67 gold pieces (gained 10).
g - 5 scrolls labelled XANTAPT ZAFUTH (gained 1)
Found 13 gold pieces.
Found 14 gold pieces and a shiny copper ring.
You now have 80 gold pieces (gained 13).
You now have 94 gold pieces (gained 14).
j - a shiny copper ring
j - a ring of willpower (left hand)
There is a stone staircase leading down here.
Found 7 gold pieces and a pair of runed gloves.
You now have 101 gold pieces (gained 7).
k - a pair of runed gloves
Found a mace.
You start putting on your armour.
You continue putting on your pair of runed gloves. x4
You finish putting on your +2 pair of gloves.
Crazy Yiuf twirls on the spot.
You open the door. You barely miss Crazy Yiuf.
Crazy Yiuf hits you with a +2 quarterstaff of chaos.
Crazy Yiuf freezes you.
You closely miss Crazy Yiuf. You barely miss Crazy Yiuf.
Crazy Yiuf hits you with a +2 quarterstaff of chaos.
You are electrocuted!
* * * LOW HITPOINT WARNING * * *
You hit Crazy Yiuf. You block Crazy Yiuf's attack.
You hit Crazy Yiuf.
Crazy Yiuf hits you with a +2 quarterstaff of chaos.
* * * LOW HITPOINT WARNING * * *
You closely miss Crazy Yiuf.
Crazy Yiuf hits you with a +2 quarterstaff of chaos!
You die...

#.........##...####
########..###### #
#....# ##### #....#
## #..)# #....# #.
#...# #....######.
... #...........
#g# #...........
##@# #...........
#.## #...........
##.# #####.......
#.## #....... ##.##
#....... #...##
#####....### #....#
#........# #....#
#.########
#....####.#


You could see Crazy Yiuf.

Vanquished Creatures
  2 adders (D:2)
  2 worms (D:2)
  A leopard gecko (D:1)
  3 bats (D:1)
  A giant cockroach (D:1)
  5 goblins
  3 hobgoblins
  4 kobolds
  3 frilled lizards
  4 rats
28 creatures vanquished.

Notes
Turn   | Place    | Note
-------+----------+-------------------------------------------
     0 | D:1      | vurker the Gnoll Enchanter began the quest for the Orb.
     0 | D:1      | Reached XP level 1. HP: 13/13 MP: 6/6
   546 | D:1      | Reached XP level 2. HP: 19/19 MP: 7/7
  1249 | D:2      | Reached XP level 3. HP: 22/25 MP: 9/9
  1294 | D:2      | Reached skill level 5 in Spellcasting
  1585 | D:2      | Reached skill level 6 in Stealth
  1653 | D:2      | Reached skill level 1 in Invocations
  2058 | D:2      | Reached skill level 1 in Fighting
  2058 | D:2      | Reached skill level 1 in Long Blades
  2058 | D:2      | Reached skill level 1 in Axes
  2058 | D:2      | Reached skill level 1 in Maces & Flails
  2058 | D:2      | Reached skill level 1 in Polearms
  2058 | D:2      | Reached skill level 1 in Staves
  2058 | D:2      | Reached skill level 1 in Slings
  2058 | D:2      | Reached skill level 1 in Bows
  2058 | D:2      | Reached skill level 1 in Crossbows
  2058 | D:2      | Reached skill level 1 in Throwing
  2058 | D:2      | Reached skill level 1 in Armour
  2058 | D:2      | Reached skill level 1 in Shields
  2058 | D:2      | Reached skill level 1 in Unarmed Combat
  2058 | D:2      | Reached skill level 1 in Evocations
  2300 | D:2      | Found a runed translucent door.
  2306 | D:2      | Noticed Crazy Yiuf
  2315 | D:2      | Slain by Crazy Yiuf

Illustrated notes

Levels and vault maps discovered:
D:1:      wander_arrival_desolate, layout_basic
D:2:      layout_basic, grunt_ministairs_5, uniq_crazy_yiuf_cottage

Skill      XL: |  1  2  3 |
---------------+----------+-----
Spellcasting   | 5 |  5.0
Stealth        | 6 |  6.0
Invocations    | 1 |  1.0
Fighting       | 1 |  1.0
Long Blades    | 1 |  1.0
Axes           | 1 |  1.0
Maces & Flails | 1 |  1.0
Polearms       | 1 |  1.0
Staves         | 1 |  1.0
Slings         | 1 |  1.0
Bows           | 1 |  1.0
Crossbows      | 1 |  1.0
Throwing       | 1 |  1.0
Armour         | 1 |  1.0
Shields        | 1 |  1.0
Unarmed Combat | 1 |  1.0
Evocations     | 1 |  1.0
Short Blades   | |  2.6
Dodging        | |  4.6
Conjurations   | |  0.7
Hexes          | |  5.4
Summonings     | |  0.7
Necromancy     | |  0.7
Translocations | |  0.7
Transmutations | |  0.7
Fire Magic     | |  0.7
Ice Magic      | |  0.7
Air Magic      | |  0.7
Earth Magic    | |  0.7
Poison Magic   | |  0.7

Action                   || total
-------------------------++-------
Melee: Dagger            ||   134
       Bite              ||    13
 Stab: Sleeping          ||     7
Armor: Scale mail        ||    39
Dodge: Dodged            ||    20
Block: Kite shield       ||    33

Table legend: (Time is in decaauts)
 A = Elapsed time spent in this place.
 B = Non-inter-level travel time spent in this place.
 C = Inter-level travel time spent in this place.
 D = Time resting spent in this place.
 E = Time spent auto-exploring this place.
 F = Levels seen in this place.
 G = Mean time per level.
                   A        B        C        D        E       F      G
               +--------+--------+--------+--------+--------+-----+--------+
         Total |   2310 |   2162 |    148 |      0 |   1817 |   2 | 1155.0 |
       Dungeon |   2310 |   2162 |    148 |      0 |   1817 |   2 | 1155.0 |
               +--------+--------+--------+--------+--------+-----+--------+

Top non-repeatable levels by time:
     D:2: 1181 daAuts
     D:1: 1128 daAuts
